 Dungeon Crawl Stone Soup version 0.26-a0-540-g8a0c9464d7 (webtiles) character file.

Game seed: 12539193756664986751

119 Superazbuka the Shield-Bearer (level 4, -3/42 HPs)
             Began as a Deep Dwarf Fighter on Aug 18, 2020.
             Slain by Sigmund
             ... wielding a +3 scythe of protection
              (10 damage)
             ... on level 3 of the Dungeon.
             The game lasted 00:02:55 (1999 turns).

Superazbuka the Shield-Bearer (Deep Dwarf Fighter)  Turns: 1999, Time: 00:02:56

Health: -3/42      AC:  7    Str: 20    XL:     4   Next: 73%
Magic:  4/4        EV:  7    Int:  9    God:
Gold:   168        SH:  0    Dex: 12    Spells: 3/3 levels left

rFire    . . .     SeeInvis .   a - +0 war axe
rCold    . . .     Faith    .   c - +0 kite shield
rNeg     . . .     Spirit   .   b - +0 scale mail
rPois    .         Reflect  .   (no helmet)
rElec    .         Harm     .   (no cloak)
rCorr    .                      (no gloves)
MR       .....                  (no boots)
Stlth    ..........             (no amulet)
HPRegen  0.00/turn              (no ring)
MPRegen  0.09/turn              (no ring)

@: confused, non-regenerating
A: damage resistance, heal wounds, sense surroundings 1, no regeneration
a: Heal Wounds


You were on level 3 of the Dungeon.
You visited 1 branch of the dungeon, and saw 3 of its levels.

You collected 168 gold pieces.

Inventory:

Hand Weapons
 a - a +0 war axe (weapon)
Armour
 b - a +0 scale mail (worn)
 c - a +0 kite shield (worn)
 s - a +0 tower shield
Jewellery
 j - an uncursed ring of resist corrosion {unknown}
 o - an uncursed amulet of guardian spirit {unknown}
 p - a +4 ring of evasion {unknown}
Scrolls
 e - a scroll of fog {unknown}
 h - 2 scrolls of remove curse {unknown}
 i - 2 scrolls of teleportation {unknown}
 m - a scroll of noise {unknown}
 n - 5 scrolls of identify {unknown}
 q - a scroll of magic mapping {unknown}
 r - a scroll of amnesia {unknown}
 u - a scroll of fear {unknown}
Potions
 d - a potion of might
 f - a potion of haste {unknown}
 g - a potion of curing {unknown}
 k - 2 potions of lignification {unknown}
 l - a potion of ambrosia {unknown}
 t - 3 potions of brilliance {unknown}
 v - a potion of mutation {unknown}


   Skills:
 + Level 3.4 Fighting
 + Level 3.2 Axes
 + Level 4.1 Armour
 + Level 4.1 Shields


You had 3 spell levels left.
You didn't know any spells.
Your spell library was empty.

Dungeon Overview and Level Annotations

Branches:
Dungeon (3/15)

Altars:

Annotations:
D:3 Sigmund


Innate Abilities, Weirdness & Mutations

You are resistant to damage.
You can heal yourself by infusing magical energy.
You passively map a small area around you.
You do not regenerate.


Message History

You miss something.
You hear some strange, mumbled words.
You are confused.
Something hits you!
You closely miss something. Something hits you.
* * * LOW HITPOINT WARNING * * *
You closely miss something.
You hear some strange, mumbled words.
You are more confused.
You're too confused!
You closely miss something.
You hear some strange, mumbled words.
A magic dart appears from out of thin air!
The magic dart hits you.
You miss something. Something hits you but does no damage.
Something hits you but does no damage. Something hits you!
* * * LOW HITPOINT WARNING * * *
You closely miss something. Something hits you!
You die...

* * * * * * *## , , ,, , ,
,,, ,, . ##### * * * * * *
* # ....# # ....##### ####
# ......... ,,,..# #
.)..#############.###### #
##>............{@......# #
##.#########.####.####.#..
,.#
##.................[......
..
######..........#.#####...
.# # #.#####.#.##.# , #
#.# #.#.##.# * * # #.#
#.#.##.# ** #.* ,, # # #.#
#.#.##.., #. , *# # #.#
#.#.####* *#. ,, #


There were no monsters in sight!

Vanquished Creatures
  A scorpion (D:2)
  An adder (D:2)
  5 dart slugs
  6 giant cockroaches
  2 goblins
  4 hobgoblins
  6 jackals
  2 ball pythons
  7 bats
  4 frilled lizards
  4 kobolds (D:1)
  8 rats
50 creatures vanquished.

Notes
Turn   | Place    | Note
-------+----------+-------------------------------------------
     0 | D:1      | Superazbuka the Deep Dwarf Fighter began the quest for the
                  | Orb.
     0 | D:1      | Reached XP level 1. HP: 20/20 MP: 1/1
   151 | D:1      | Reached XP level 2. HP: 27/27 MP: 2/2
   479 | D:1      | Reached XP level 3. HP: 34/34 MP: 3/3
   794 | D:2      | Noticed a scorpion
   804 | D:2      | Killed a scorpion
   804 | D:2      | Reached XP level 4. HP: 39/42 MP: 4/4
  1983 | D:3      | Noticed Sigmund
  1999 | D:3      | Slain by Sigmund

Illustrated notes

Levels and vault maps discovered:
D:1:      minmay_arrival_five_plusses, layout_loops_ring, serial_forest,
          infiniplex_forest_lined_room_2, infiniplex_forest_side_room,
          infiniplex_forest_lined_3, infiniplex_forest_join,
          infiniplex_forest_end_double, infiniplex_forest_clump_diagonal,
          infiniplex_forest_straight_4, infiniplex_forest_clump_double,
          kennysheep_decorative_pillar, minmay_tromino_v2
D:2:      layout_basic
D:3:      layout_basic, uniq_sigmund

Skill      XL: |  1  2  3 |
---------------+----------+-----
Fighting       | 3 |  3.4
Axes           | 3 |  3.2
Armour         | 4 |  4.1
Shields        | 4 |  4.1

Action                   |  1- 3 |  4- 6 || total
-------------------------+-------+-------++-------
Melee: War axe           |    72 |    75 ||   147
Armor: Scale mail        |    28 |    31 ||    59
Dodge: Dodged            |    21 |    22 ||    43
Block: Kite shield       |    44 |    36 ||    80

Table legend: (Time is in decaauts)
 A = Elapsed time spent in this place.
 B = Non-inter-level travel time spent in this place.
 C = Inter-level travel time spent in this place.
 D = Time resting spent in this place.
 E = Time spent auto-exploring this place.
 F = Levels seen in this place.
 G = Mean time per level.
                   A        B        C        D        E       F      G
               +--------+--------+--------+--------+--------+-----+--------+
         Total |   2063 |   2034 |     29 |      0 |   1631 |   3 |  687.7 |
       Dungeon |   2063 |   2034 |     29 |      0 |   1631 |   3 |  687.7 |
               +--------+--------+--------+--------+--------+-----+--------+

Top non-repeatable levels by time:
     D:2: 804 daAuts
     D:1: 796 daAuts
     D:3: 462 daAuts
